Map: 黄金墙-天梯版

Players

TIME (Oliveira)

  • Race: Terran Terran

Cyan - Winner!

  • Race: Protoss Protoss

Event: DreamHack SC2 Masters 2020 Summer China

VOD

Have the link to the VOD?

Description

Time

  • Played on: July 5, 2020, 9:08 a.m.
  • Length: 19:47

All games in this series

Show
View Real Time Build Order
Export as new Build Order

TIME Terran 

Build Orders: 1/1/1 

Get SALT Encoding   

  12  0:00  SCV  
  13  0:13  SCV  
  14  0:18  Supply Depot  
  14  0:25  SCV  
  15  0:29  Refinery  
  15  0:39  SCV  
  16  0:45  Barracks  
  16  0:51  SCV  
  17  1:04  SCV  
  18  1:16  SCV  
  19  1:32  Orbital Command, Factory, Marine  
  20  1:34  Supply Depot  
  20  1:50  Marine  
  21  1:58  SCV  
  22  2:08  Marine  
  23  2:10  SCV  
  24  2:16  Hellion, Starport  
  24  2:17  Supply Depot  
  24  2:22  SCV  
  27  2:26  Marine  
  28  2:37  Hellion  
  30  2:52  Medivac, Marine  
  30  2:53  Command Center  
  30  2:56  Supply Depot  
  33  3:02  Hellion  
  33  3:04  SCV  
  36  3:11  Refinery, Marine  
  37  3:16  SCV  
  38  3:25  Widow Mine, Starport Tech Lab  
  40  3:28  SCV  
  41  3:36  Barracks Reactor  
  41  3:37  Supply Depot  
  41  3:40  SCV  
  42  3:53  SCV, Siege Tank  
  46  4:07  Viking  
  46  4:08  SCV  
  46  4:09  Orbital Command  
  45  4:18  Marine x2  
  45  4:20  SCV  
  46  4:25  Bunker  
  44  4:31  Cyclone  
  44  4:32  SCV  
  44  4:34  SCV  
  44  4:35  Marine x2  
  51  4:40  Viking  
  51  4:44  SCV  
  54  4:46  SCV  
  55  4:53  Marine x2  
  55  4:55  Supply Depot  
  55  4:56  SCV  
  55  4:58  SCV  
  59  5:03  Siege Tank  
  62  5:08  SCV  
  64  5:17  SCV, Command Center  
  64  5:20  SCV  
  65  5:29  SCV  
  65  5:32  SCV, Barracks  
  65  5:33  Barracks Tech Lab  
  65  5:35  Barracks  
  67  5:40  Starport Reactor  
  67  5:41  Supply Depot  
  70  5:45  SCV x2  
  72  5:51  Stimpack, Marine  
  72  5:57  SCV x2, Engineering Bay x2, Factory Reactor  
  72  6:09  SCV  
  72  6:10  SCV  
  74  6:12  Marine  
  74  6:13  Refinery  
  74  6:14  Refinery  
  74  6:17  Barracks x2  
  75  6:20  Marine x2  
  75  6:22  SCV  
  75  6:23  SCV  
  75  6:24  Terran Infantry Weapons Level 1  
  79  6:27  Terran Infantry Armor Level 1  
  79  6:30  Orbital Command  
  79  6:32  Marine  
  80  6:37  Widow Mine x2, Marine  
  80  6:39  Marine  
  84  6:42  SCV  
  81  6:48  SCV, Marine  
  83  6:54  SCV  
  83  6:56  Marine  
  83  6:58  Missile Turret  
  83  6:59  Medivac x2, Widow Mine  
  83  7:00  SCV  
  92  7:05  Marine  
  92  7:08  Orbital Command  
  94  7:09  Barracks Reactor, Barracks Tech Lab  
  94  7:11  SCV  
  94  7:13  Marine, Widow Mine  
  94  7:15  SCV  
  98  7:21  Supply Depot  
  98  7:22  Widow Mine  
  99  7:23  SCV  
  99  7:25  Supply Depot  
  99  7:27  SCV  
  99  7:28  Missile Turret  
  101  7:42  SCV x2, Marine x3  
  101  7:43  Marauder  
  108  7:47  Medivac x2, Widow Mine  
  108  7:48  SCV  
  108  7:49  Supply Depot  
  115  7:52  Supply Depot, Marine  
  115  7:54  Marauder  
  115  7:55  Supply Depot  
  115  7:56  SCV x2  
  120  8:00  Armory, Marauder  
  120  8:03  Combat Shield  
  120  8:05  Marine  
  123  8:06  Marine x2  
  123  8:11  SCV x2  
  127  8:15  Marine x2  
  127  8:16  SCV, Marauder  
  127  8:19  Widow Mine  
  134  8:21  Widow Mine  
  134  8:23  SCV  
  134  8:28  Marauder, Marine x2  
  134  8:31  Medivac  
  134  8:32  SCV  
  140  8:36  SCV  
  140  8:39  Marine  
  140  8:40  Medivac, Marauder  
  139  8:41  SCV  
  139  8:44  SCV  
  139  8:46  Marine  
  139  8:47  Supply Depot, Marauder, Marine  
  135  8:51  Terran Infantry Weapons Level 2  
  135  8:55  Marine x2  
  137  8:57  Marine  
  137  8:59  Terran Infantry Armor Level 2  
  137  9:01  Marine  
  139  9:03  SCV x2  
  139  9:04  Marine  
  139  9:05  Refinery x2  
  139  9:06  Widow Mine  
  139  9:07  Marine  
  139  9:08  Widow Mine  
  142  9:22  Medivac x2, Marine x2  
  148  9:29  Supply Depot, Command Center, Ghost Academy  
  147  9:32  Supply Depot, Marauder x2  
  147  9:35  Widow Mine x2  
  155  9:50  Marine  
  155  9:51  Marine x2, Sensor Tower  
  158  9:53  Supply Depot  
  158  9:54  Sensor Tower  
  158  10:00  Ghost  
  158  10:01  SCV, Ghost  
  158  10:05  Supply Depot  
  163  10:07  Barracks  
  163  10:08  Ghost, Barracks x2  
  164  10:25  Viking x2  
  164  10:26  Marine x2  
  164  10:27  Missile Turret  
  164  10:28  Terran Ship Weapons Level 1  
  170  10:37  Bunker  
  170  10:38  Marine  
  170  10:42  Missile Turret  
  171  10:43  Supply Depot, Marine x2  
  171  10:44  Marauder  
  175  10:56  Barracks Reactor  
  175  10:58  Viking, Barracks Tech Lab  
  175  10:59  Viking, Starport  
  175  11:03  Ghost  
  180  11:06  Barracks Tech Lab  
  180  11:07  Ghost  
  180  11:19  Ghost  
  182  11:29  Planetary Fortress  
  182  11:35  Ghost  
  182  11:41  SCV  
  159  11:48  Marine  
  159  11:52  Ghost x2  
  159  11:53  Medivac  
  159  11:54  Marauder, Marine x2  
  151  11:56  Marine x2  
  151  11:58  Viking  
  151  11:59  SCV x2  
  161  12:01  Refinery  
  161  12:07  SCV  
  162  12:09  Missile Turret, Marine x3  
  162  12:10  Refinery, Marauder  
  162  12:12  Command Center  
  167  12:16  Marauder  
  167  12:17  Terran Infantry Weapons Level 3  
  167  12:21  Marine x2  
  171  12:26  Viking  
  173  12:33  Terran Infantry Armor Level 3  
  173  12:38  Marauder  
  173  12:39  Marauder  
  173  12:40  Marauder x2  
  173  12:43  Viking  
  183  12:48  SCV x2  
  185  12:51  Viking  
  185  12:52  Sensor Tower  
  185  12:54  Marauder  
  185  12:55  SCV  
  185  12:56  SCV  
  191  13:01  Terran Ship Weapons Level 2  
  191  13:09  Ghost, Marauder x2  
  191  13:10  Marine x2  
  199  13:20  Missile Turret  
  199  13:24  Planetary Fortress  
  199  13:26  Missile Turret  
  187  13:46  Viking x2  
  187  13:47  Marine x2  
  187  13:48  Marauder x2, Marine x2  
  193  14:00  Viking  
  193  14:02  Marauder x2, Marine x3  
  150  14:03  Viking  
  150  14:05  Marine x2  
  150  14:08  Marine x2  
  150  14:09  Marauder  
  129  14:10  SCV, Marauder  
  129  14:11  SCV  
  129  14:13  SCV  
  129  14:16  SCV, Viking  
  136  14:19  Marine x2  
  142  14:26  Marine x3  
  142  14:27  Viking  
  144  14:37  Command Center  
  144  14:38  SCV, Marine x2  
  143  14:40  Marauder x2  
  143  14:42  SCV x2  
  147  14:46  Viking  
  147  14:50  Marine x2  
  151  14:57  Missile Turret  
  151  14:58  Marauder  
  153  15:01  Marauder  
  153  15:03  SCV  
  153  15:04  SCV  
  157  15:11  SCV  
  157  15:13  SCV  
  159  15:15  Marine  
  159  15:17  Missile Turret, Marine  
  160  15:21  Marine x2  
  162  15:37  Ghost  
  162  15:38  Marauder  
  162  15:39  Marauder, Marine  
  167  15:50  Marine x2  
  167  15:51  Planetary Fortress, Marauder  
  172  15:58  Marine x2  
  172  16:01  SCV  
  172  16:02  SCV  
  176  16:06  Viking x2  
  176  16:09  SCV  
  173  16:17  Missile Turret  
  168  16:26  Ghost x2  
  168  16:29  Liberator  
  168  16:30  Liberator  
  168  16:31  Marine  
  178  16:32  SCV  
  178  16:34  Marine x2  
  178  16:38  Marine x2  
  182  16:40  Ghost  
  184  16:47  Marine  
  185  17:01  SCV, Marine x2  
  178  17:08  Marine  
  179  17:15  SCV  
  175  17:20  Starport Reactor  
  175  17:21  Marine, Barracks Tech Lab  
  175  17:22  Ghost x2  
  175  17:25  Refinery x2, Marauder  
  175  17:29  Marauder, Command Center, Marine x4  
  186  17:31  Medivac  
  186  17:34  Liberator  
  186  17:36  SCV  
  193  17:43  Marauder  
  195  18:03  SCV, Marauder  
  195  18:10  SCV  
  186  18:18  Ghost  
  186  18:19  Marine  
  180  18:25  SCV  
  180  18:26  SCV  
  156  18:37  Marine  
  156  18:38  Marauder x2, Marine x2  
  156  18:41  SCV  
  141  18:42  Liberator  
  141  18:45  Marine x2  
  141  18:46  Marauder  
  126  18:50  SCV, Ghost  
  126  18:54  Marine  
  122  18:57  SCV  
  122  19:00  SCV  
  119  19:03  Marine  
Show
View Real Time Build Order
Export as new Build Order

Cyan Protoss - Winner!

Build Orders: 1 Gate Expand, Oracle Opening, Phoenix Opening, Zealot Archon 

Get SALT Encoding   

  12  0:00  Probe  
  13  0:12  Probe  
  14  0:19  Pylon  
  14  0:24  Probe  
  15  0:33  Probe  
  15  0:38  Gateway  
  15  0:41  Probe  
  16  0:47  Assimilator  
  17  0:52  Probe  
  18  1:04  Probe  
  19  1:16  Probe  
  20  1:24  Nexus  
  20  1:34  Cybernetics Core  
  20  1:36  Probe  
  21  1:40  Assimilator  
  21  1:48  Probe  
  21  1:51  Pylon  
  22  2:00  Probe  
  22  2:01  Adept  
  23  2:12  Probe  
  26  2:15  Stargate  
  26  2:22  Adept  
  26  2:24  Probe, Warp Gate  
  29  2:37  Probe  
  29  2:38  Probe  
  31  2:49  Probe, Adept  
  31  2:50  Probe  
  33  2:52  Oracle  
  33  2:54  Pylon  
  35  3:05  Probe  
  39  3:07  Probe  
  39  3:11  Adept  
  39  3:12  Shield Battery  
  42  3:20  Probe  
  44  3:27  Phoenix  
  44  3:33  Probe, Shield Battery  
  46  3:35  Probe  
  46  3:39  Pylon  
  47  3:45  Adept, Phoenix  
  47  3:47  Probe x2  
  53  4:01  Probe, Gateway  
  52  4:07  Probe  
  51  4:14  Probe  
  52  4:17  Probe  
  52  4:23  Phoenix  
  55  4:25  Probe  
  55  4:26  Probe  
  55  4:30  Adept  
  59  4:38  Probe x2  
  60  4:43  Nexus  
  61  4:46  Pylon  
  61  4:59  Probe  
  62  5:01  Assimilator  
  62  5:02  Pylon  
  62  5:04  Probe, Phoenix  
  65  5:11  Probe, Assimilator  
  65  5:12  Twilight Council  
  66  5:16  Probe  
  66  5:20  Forge  
  67  5:22  Pylon, Phoenix  
  67  5:23  Probe  
  67  5:24  Protoss Ground Armor Level 1  
  67  5:25  Sentry  
  67  5:28  Charge  
  70  5:29  Probe  
  70  5:35  Probe  
  74  5:41  Gateway  
  74  5:44  Forge  
  74  5:46  Probe  
  75  5:51  Probe  
  75  5:56  Probe  
  77  5:58  Probe  
  77  6:02  Protoss Ground Weapons Level 1  
  78  6:04  Probe  
  78  6:08  Probe  
  78  6:09  Gateway  
  78  6:10  Probe  
  78  6:11  Gateway  
  81  6:16  Probe, Gateway  
  82  6:20  Probe  
  83  6:30  Probe  
  83  6:31  Gateway  
  84  6:34  Gateway  
  84  6:35  Probe  
  84  6:37  Pylon  
  86  6:47  Probe x2  
  86  6:50  Probe, Pylon  
  86  6:52  Templar Archives  
  88  6:56  Sentry, Zealot x2  
  88  6:57  Robotics Facility  
  88  6:58  Pylon  
  88  7:00  Photon Cannon  
  94  7:06  Pylon  
  94  7:07  Probe  
  95  7:09  Pylon  
  95  7:10  Blink  
  95  7:13  Zealot  
  97  7:20  Zealot x3  
  103  7:27  Pylon  
  103  7:30  High Templar x2  
  103  7:31  Shield Battery  
  103  7:33  Photon Cannon  
  103  7:34  Archon  
  107  7:39  Zealot x3  
  107  7:40  Probe x3, Observer  
  107  7:42  Protoss Ground Armor Level 2  
  116  7:49  Zealot x2  
  121  7:57  Warp Prism  
  121  7:59  Zealot x3  
  129  8:09  Nexus  
  129  8:12  Protoss Ground Weapons Level 2  
  129  8:16  Zealot x2  
  129  8:17  Zealot x3  
  136  8:30  Zealot  
  136  8:31  Zealot  
  136  8:32  Nexus  
  140  8:39  Probe  
  141  8:44  Pylon  
  141  8:47  Pylon  
  141  8:55  Observer  
  141  9:02  Probe x3  
  145  9:07  Pylon  
  145  9:08  Pylon  
  145  9:10  Robotics Bay, Pylon  
  145  9:11  Robotics Facility  
  145  9:14  Probe  
  142  9:23  Zealot x2  
  142  9:24  Zealot x3  
  148  9:26  Probe x2  
  148  9:30  High Templar x2  
  148  9:31  High Templar  
  158  9:36  Gateway  
  158  9:38  Gateway  
  158  9:39  Protoss Ground Armor Level 3  
  158  9:41  Gateway  
  158  9:43  Gateway  
  158  9:45  Pylon  
  158  9:54  Probe x2  
  158  9:56  Assimilator  
  158  9:57  Dark Shrine, High Templar  
  158  9:58  Assimilator, Photon Cannon  
  162  10:00  Photon Cannon  
  162  10:01  Archon  
  162  10:02  Shield Battery  
  162  10:03  Archon  
  162  10:04  Zealot x6  
  172  10:13  Zealot  
  174  10:20  Probe x2, Protoss Ground Weapons Level 3  
  170  10:23  Colossus x2  
  170  10:30  Extended Thermal Lance  
  170  10:35  Nexus  
  182  10:37  Pylon  
  180  10:53  Probe, Pylon  
  180  10:54  Probe x3  
  184  10:58  Zealot x3  
  184  10:59  Zealot x4  
  198  11:09  Shadow Stride  
  196  11:28  Colossus  
  198  11:34  Colossus  
  149  11:55  Stalker x2  
  149  11:56  Stalker x4  
  155  12:01  Dark Templar x2  
  155  12:03  Assimilator  
  155  12:04  Probe  
  155  12:06  Assimilator  
  155  12:07  Assimilator  
  160  12:10  Assimilator  
  160  12:15  Immortal  
  160  12:22  Protoss Shields Level 1  
  164  12:24  Immortal, Zealot x8  
  184  12:30  Zealot  
  184  12:31  Zealot  
  188  12:38  Dark Templar x2  
  192  12:50  Dark Templar x3  
  198  13:03  Robotics Facility x2  
  198  13:06  Gravitic Drive  
  174  13:52  Dark Templar x2  
  174  13:53  Dark Templar x8  
  168  14:03  Gravitic Boosters  
  168  14:04  Zealot x2  
  151  14:12  Colossus  
  145  14:18  Colossus  
  157  14:25  Protoss Shields Level 2  
  145  14:39  Zealot x12  
  145  14:42  Disruptor  
  145  14:43  Disruptor  
  169  14:46  Gateway  
  169  14:48  Probe x2  
  169  14:49  Probe x3, Gateway, Nexus  
  169  14:50  Pylon  
  169  14:51  Gateway  
  174  14:53  Gateway  
  174  14:54  Gateway  
  174  14:59  Sentry x2  
  184  15:01  High Templar x2  
  184  15:02  High Templar x2  
  184  15:04  Zealot  
  184  15:05  Zealot  
  196  15:09  Archon x2  
  196  15:13  Disruptor  
  199  15:31  Assimilator  
  193  15:36  Pylon  
  193  15:39  Photon Cannon x2  
  193  15:42  Shield Battery  
  147  16:31  Disruptor x2  
  147  16:32  Disruptor x2  
  149  16:34  Dark Templar x4  
  149  16:35  Zealot  
  149  16:36  Zealot x2  
  149  16:38  Zealot  
  165  16:55  Zealot x5  
  165  16:56  Dark Templar x2  
  165  16:59  Zealot x4, Dark Templar x2  
  189  17:05  Warp Prism  
  179  17:12  Dark Templar x3  
  179  17:13  Stalker  
  183  17:22  Observer x3  
  173  17:26  Nexus  
  173  17:28  Dark Templar x2  
  173  17:29  Assimilator, Dark Templar x3  
  178  17:30  Zealot x6  
  178  17:31  Assimilator  
  178  17:33  Immortal  
  178  17:34  Stalker x2, Pylon  
  196  18:06  Stalker x3  
  192  18:17  Dark Templar x5  
  196  18:21  Stalker  
  196  18:22  Stalker  
  196  18:30  Disruptor x2  
  177  18:35  Disruptor x2  
  177  18:38  Zealot  
  177  18:39  Zealot x4  
  151  18:52  Stalker x6  
  151  18:53  Stalker x6  
  153  19:18  Dark Templar  
  153  19:19  Dark Templar x2  
  153  19:20  Zealot x5  
  153  19:23  Zealot  
Tags
 
Add a new tag
Caveats
  • Supply blocks, unpowered buildings, or Contaminate may cause inaccurate times.
  • Supply counts are checked every 10 seconds.